 Dungeon Crawl Stone Soup version 0.17.0-28-g6e173f8 (webtiles) character file.

1006 root the Conjurer (level 8, -2/57 HPs)
             Began as a White Draconian Fire Elementalist on Nov 23, 2015.
             Was a Follower of Qazlal.
             Slain by a wraith (6 damage)
             ... on level 6 of the Dungeon.
             The game lasted 00:38:27 (6188 turns).

root the Conjurer (DrFE)                            Turns: 6188, Time: 00:38:29

Health: -2/57      AC:  7    Str: 11    XL:     8   Next: 0%
Magic:  0/14       EV: 13    Int: 18    God:    Qazlal [*.....]
Gold:   269        SH:  1    Dex: 11    Spells: 2 memorised, 11 levels left

rFire  . . .     SeeInvis .     (no weapon)
rCold  + . .     Clarity  .     (armour unavailable)
rNeg   . . .     SustAt   .     (no shield)
rPois  .         Gourm    .     (helmet restricted)
rElec  .         Spirit   .     k - +0 cloak
rCorr  .         Warding  .     (no gloves)
rMut   .         Stasis   .     (no boots)
MR     .....                    c - amulet of rage
Stlth  ++........               (no ring)
                                (no ring)

@: short of breath, slowed, very slow, not resistant to hostile enchantments,
unstealthy
A: breathe frost, unfitting armour, cold resistance 1, cold-blooded, AC +6
a: Breathe Frost, Renounce Religion, Evoke Berserk Rage


You were on level 6 of the Dungeon.
You worshipped Qazlal.
Qazlal was aware of your devotion.
You were hungry.

You visited 2 branches of the dungeon, and saw 7 of its levels.

You collected 269 gold pieces.

Inventory:

Armour
 k - a +0 cloak (worn)
Jewellery
 c - an amulet of rage (around neck)
 d - an uncursed amulet of warding
 f - an uncursed amulet of faith
 t - an uncursed ring of sustain attributes {unknown}
Wands
 n - a wand of fire (6)
Scrolls
 e - a scroll of random uselessness {unknown}
 j - 2 scrolls of identify
 m - a scroll of noise {unknown}
 u - a scroll of fog {unknown}
 v - a scroll of teleportation
 w - a scroll of amnesia {unknown}
 x - a scroll of remove curse {unknown}
Potions
 g - 2 potions of cancellation {unknown}
 h - 2 potions of haste {unknown}
 i - a potion of brilliance {unknown}
 o - 3 potions of lignification {unknown}
 p - 2 potions of heal wounds {unknown}
 q - a potion of flight {unknown}
 r - a potion of curing {unknown}
 s - 3 potions of magic {unknown}
 A - a potion of agility {unknown}
Books
 a - a book of Flames

   Spells                             Type                      Level
   a - Flame Tongue                   Conjuration/Fire             1
   b - Throw Flame                    Conjuration/Fire             2
   c - Conjure Flame                  Conjuration/Fire             3
   d - Inner Flame                    Hexes/Fire                   3
   e - Sticky Flame                   Conjuration/Fire             4
   f - Fireball                       Conjuration/Fire             5
 y - a book of Summonings

   Spells                             Type                      Level
   a - Recall                         Summoning/Translocation      3
   b - Aura of Abjuration             Summoning                    5
   c - Shadow Creatures               Summoning                    5
   d - Summon Demon                   Summoning                    5
   e - Summon Forest                  Summoning/Translocation      5
   f - Summon Mana Viper              Hexes/Summoning              5
Comestibles
 b - 5 bread rations
 l - 2 meat rations
 z - a beef jerky


   Skills:
 + Level 4.1 Dodging
 - Level 1.7 Stealth
 + Level 4.1 Spellcasting
 + Level 4.6 Conjurations
 + Level 4.2 Fire Magic
 + Level 3.4 Invocations


You had 11 spell levels left.
You knew the following spells:

 Your Spells              Type           Power        Failure   Level  Hunger
a - Flame Tongue          Conj/Fire      ###..        2%          1    None
b - Conjure Flame         Conj/Fire      ###.....     10%         3    ###....


Dungeon Overview and Level Annotations

Branches:
Dungeon (6/15)             Temple (1/1) D:4

Altars:
Cheibriados
Dithmenos
Elyvilon
Fedhas
Kikubaaqudgha
Makhleb
Nemelex Xobeh
Okawaru
Qazlal
Ru
Trog
Vehumet
Xom
Yredelemnul
The Shining One

Annotations:
D:4 Alethiolet's ghost, amateur NaWn
D:6 Sigmund


Innate Abilities, Weirdness & Mutations

You can breathe waves of freezing cold.
You can buffet flying creatures when you breathe cold.
Your icy white scales are hard (AC +6).
Your body does not fit into most forms of armour.
Your flesh is cold resistant.
You are cold-blooded and may be slowed by cold attacks.


Message History

The wraith is severely damaged.
The wraith misses you.
Casting: Flame Tongue
Confirm with . or Enter, or press ? or * to list all spells.
Aiming: Flame Tongue
Press: ? - help, Shift-Dir - straight line, f/p - wraith
Aim: a wraith (severely damaged)
The flame tongue hits the wraith.
The wraith appears unharmed.
The wraith is severely damaged.
The wraith closely misses you. The wraith barely misses you.
You hit the wraith but do no damage.
Your tail-slap misses the wraith.
The wraith is severely damaged.
The wraith hits you but does no damage.
You hit the wraith but do no damage.
The wraith is severely damaged.
The wraith barely misses you. The wraith hits you!
* * * LOW HITPOINT WARNING * * *
The wraith drains your vigour!
You feel as though you will be slow longer.
You die...

#.# #.#
#.# #.#
#.# #.#
#.# #.#
#@#
#....W.#
......###
.....#
.....
...# ###


You could see a wraith.

Vanquished Creatures
  3 ice beasts
  2 centaurs (D:6)
  A water moccasin zombie (D:6)
  A jelly (D:6)
  A water moccasin skeleton (D:6)
  A scorpion (D:4)
  A crimson imp (D:6)
  A hound (D:5)
  2 iguanas (D:4)
  2 worker ants (D:6)
  8 adders
  4 gnolls (D:5)
  2 oozes (D:1)
  An adder zombie (D:6)
  3 worms
  3 giant geckos
  7 orcs
  7 giant cockroaches
  9 hobgoblins
  6 jackals (D:6)
  2 quokkas
  2 ball pythons
  3 bats
  A giant cockroach zombie (D:6)
  A giant gecko skeleton (D:6)
  A giant newt (D:4)
  7 goblins
  7 kobolds
  A quokka skeleton (D:6)
  5 rats
95 creatures vanquished.

Notes
Turn   | Place    | Note
--------------------------------------------------------------
     0 | D:1      | root the Draconian Fire Elementalist began the quest for the Orb.
     0 | D:1      | Reached XP level 1. HP: 14/14 MP: 3/3
   490 | D:1      | Reached XP level 2. HP: 15/20 MP: 1/5
  1096 | D:1      | Reached XP level 3. HP: 3/26 MP: 2/6
  1472 | D:2      | Found a sacrificial altar of Ru.
  1803 | D:2      | Found a bloodstained altar of Trog.
  2053 | D:3      | Reached XP level 4. HP: 33/33 MP: 1/7
  2189 | D:3      | Found a sparkling altar of Nemelex Xobeh.
  2759 | D:3      | Found a shadowy altar of Dithmenos.
  2806 | D:4      | Learned a level 3 spell: Conjure Flame
  2825 | D:4      | Noticed an ogre
  2929 | D:4      | Noticed Alethiolet's ghost (amateur NaWn)
  3147 | D:4      | Found a white marble altar of Elyvilon.
  3215 | D:4      | Reached XP level 5. HP: 38/38 MP: 4/9
  3320 | D:4      | Found a staircase to the Ecumenical Temple.
  3328 | Temple   | Entered the Ecumenical Temple
  3565 | Temple   | Became a worshipper of Qazlal Stormbringer
  3866 | D:4      | Found a burning altar of Makhleb.
  3911 | D:4      | Found a glowing golden altar of the Shining One.
  3987 | D:5      | Entered Level 5 of the Dungeon
  4059 | D:5      | Noticed an ice beast
  4068 | D:5      | Killed an ice beast
  4068 | D:5      | Reached skill level 4 in Fire Magic
  4068 | D:5      | Reached skill level 1 in Invocations
  4068 | D:5      | Reached XP level 6. HP: 45/45 MP: 2/10
  4105 | D:5      | Found a sacrificial altar of Ru.
  5097 | D:6      | Found a shimmering altar of Xom.
  5208 | D:6      | Found a radiant altar of Vehumet.
  5253 | D:6      | Your scales start taking on an icy white colour.
  5253 | D:6      | Gained mutation: Your flesh is cold resistant. [White Draconian growth]
  5253 | D:6      | Reached XP level 7. HP: 45/50 MP: 9/12
  5366 | D:6      | Noticed Sigmund
  5862 | D:6      | Reached * piety under Qazlal
  6099 | D:6      | Reached XP level 8. HP: 49/57 MP: 10/14
  6160 | D:6      | Noticed a wraith
  6188 | D:6      | Slain by a wraith

Action                   |  1- 3 |  4- 6 |  7- 9 || total
-------------------------+-------+-------+-------++-------
Melee: Unarmed           |    24 |    19 |    64 ||   107
 Cast: Flame Tongue      |    86 |   102 |    44 ||   232
       Conjure Flame     |       |     9 |     5 ||    14
 Abil: Breathe Frost     |       |       |     4 ||     4
  Use: Scroll            |     2 |       |       ||     2
  Eat: Chunk             |     5 |    10 |     5 ||    20
